 Dungeon Sprint DCSS version 0.18-a0-33-g9e10395 (console) character file.

65 Kellhus the Chopper (level 3, 0/30 HPs)
             Began as a Demigod Fighter on Nov 5, 2015.
             Killed from afar by an orc wizard (6 damage)
             ... with a puff of flame
             ... in the Dungeon (Sprint IX: "|||||||||||||||||||||||||||||").
             The game lasted 00:00:44 (396 turns).

Kellhus the Chopper (Demigod Fighter)                Turns: 396, Time: 00:00:44

Health: 0/30       AC:  6    Str: 19    XL:     3   Next: 67%
Magic:  5/5        EV:  7    Int: 12    God:
Gold:   0          SH:  0    Dex: 17    Spells: 0 memorised, 2 levels left

rFire  . . .     SeeInvis .     a - +0 war axe
rCold  . . .     Clarity  .     b - +0 scale mail
rNeg   . . .     SustAt   +     c - +0 shield
rPois  .         Gourm    .     (no helmet)
rElec  .         Spirit   .     (no cloak)
rCorr  .         Warding  .     (no gloves)
rMut   .         NoTele   +     (no boots)
MR     .....                    (no amulet)
Stlth  ..........               (no ring)
                                (no ring)

@: confused, not resistant to hostile enchantments, extremely unstealthy
A: high mp 1, sustain attributes
a: no special abilities


You were in the Dungeon.
You were not hungry.

You visited 1 branch

Inventory:

Hand Weapons
 a - a +0 war axe (weapon)
 o - the +2 halberd "Ridaycro" {drain, rC+}
   (You found it in the Dungeon)

   A truly terrible weapon, it drains the life of those it strikes.
   It protects you from cold.
Armour
 b - a +0 scale mail (worn)
 c - a +0 shield (worn)
 p - a +0 pair of boots
 q - a +0 helmet
Jewellery
 r - a +3 ring of dexterity
 s - a +2 ring of protection
Wands
 n - a wand of draining (7)
Scrolls
 k - 2 scrolls of blinking
 l - 3 scrolls of remove curse
 m - 2 scrolls of amnesia
Potions
 d - a potion of might
 f - 5 potions of curing
 g - 3 potions of heal wounds
 h - a potion of haste
 i - 4 potions of magic
Comestibles
 e - a bread ration


   Skills:
 - Level 2.6 Fighting
 + Level 7.3 Axes
 - Level 2.6 Armour
 - Level 2.6 Shields


You had 2 spell levels left.
You didn't know any spells.

Dungeon Overview and Level Annotations

Branches:
Dungeon (1/1)


Innate Abilities, Weirdness & Mutations

You have an increased reservoir of magic (+10% MP).
Your attributes are resistant to harm.


Message History

The magic dart hits you!
* * * LOW HITPOINT WARNING * * *
You closely miss the orc wizard.
The orc wizard is heavily wounded.
The orc wizard casts a spell.
The orc wizard flickers and vanishes!
Deactivating autopickup; reactivate with Ctrl-A.
You hit something but do no damage. Something hits you but does no damage.
Something hits you but does no damage.
You miss something.
You hear some strange, mumbled words.
A puff of flame appears from out of thin air!
The puff of flame misses you.
You slash something!
You hear some strange, mumbled words.
You are confused.
Unknown command.
You hear some strange, mumbled words.
A puff of flame appears from out of thin air!
The puff of flame hits you!
You die...

▓_▓
▓'▓
▓!▓
▓.▓
▓|▓
▓)▓
▓.▓
▓.▓
▓[▓
▓.▓
▓@▓
▓'▓
▓{▓
▓o▓
▓K▓
▓c▓
▓n▓
▓g▓
▓+▓


You could see a big kobold, a necrophage, a gnoll sergeant, a centaur and an
orc.

Vanquished Creatures
  A crimson imp (D)
  A worker ant (D)
  An adder skeleton (D)
  A giant gecko (D)
  A bat skeleton (D)
  A jackal (D)
  2 bats (D)
  2 kobolds (D)
10 creatures vanquished.

Notes
Turn   | Place    | Note
--------------------------------------------------------------
     0 | D        | Kellhus the Demigod Fighter began the quest for the Orb.
     0 | D        | Reached XP level 1. HP: 18/18 MP: 3/3
    19 | D        | Reached skill level 3 in Axes
    60 | D        | Noticed a crimson imp
    60 | D        | Noticed a worker ant
    62 | D        | Killed a crimson imp
    62 | D        | Reached skill level 6 in Axes
    62 | D        | Reached XP level 2. HP: 25/25 MP: 4/4
    62 | D        | Reached XP level 3. HP: 30/30 MP: 5/5
    82 | D        | Reached skill level 7 in Axes
   335 | D        | Found a glowing silver altar of Zin.
   335 | D        | Found a glowing golden altar of the Shining One.
   335 | D        | Found an ancient bone altar of Kikubaaqudgha.
   335 | D        | Found a basalt altar of Yredelemnul.
   335 | D        | Found a shimmering altar of Xom.
   335 | D        | Found a radiant altar of Vehumet.
   336 | D        | Found an iron altar of Okawaru.
   337 | D        | Found a burning altar of Makhleb.
   338 | D        | Found a deep blue altar of Sif Muna.
   339 | D        | Found a bloodstained altar of Trog.
   340 | D        | Found a sparkling altar of Nemelex Xobeh.
   341 | D        | Found a white marble altar of Elyvilon.
   342 | D        | Found a roughly hewn altar of Beogh.
   343 | D        | Found a viscous altar of Jiyva.
   344 | D        | Found a corrupted altar of Lugonu.
   345 | D        | Found a blossoming altar of Fedhas.
   346 | D        | Found a snail-covered altar of Cheibriados.
   347 | D        | Found a shadowy altar of Dithmenos.
   348 | D        | Found a stormy altar of Qazlal.
   349 | D        | Found an opulent altar of Gozag.
   350 | D        | Found a sacrificial altar of Ru.
   367 | D        | Got the +2 halberd "Ridaycro" {drain, rC+}
   377 | D        | Noticed a big kobold
   377 | D        | Noticed a centaur
   377 | D        | Noticed a necrophage
   377 | D        | Noticed a gnoll sergeant
   396 | D        | Killed from afar by an orc wizard

Vault maps used:
D:        linesprint

Action                   || total
-------------------------++-------
Melee: War axe           ||    58
  Use: Potion            ||     1
